Map: 2000 Atmospheres LE

Players

Trap - Winner!

  • Race: Protoss Protoss

Scarlett

  • Race: Zerg Zerg

Event: DreamHack SC2 Masters 2021 Summer

VOD

Have the link to the VOD?

Description

Time

  • Played on: July 1, 2021, 10:24 a.m.
  • Length: 16:39

All games in this series

Show
View Real Time Build Order
Export as new Build Order

Trap Protoss - Winner!

Build Orders: 1 Gate Expand, Oracle Opening, Carriers, Zealot Archon 

Get SALT Encoding   

  12  0:00  Probe  
  13  0:13  Pylon  
  13  0:17  Probe (Chrono Boost)  
  14  0:27  Probe (Chrono Boost)  
  15  0:32  Probe (Chrono Boost)  
  16  0:41  Gateway  
  16  0:44  Probe  
  16  0:49  Assimilator  
  17  0:56  Probe  
  18  1:08  Probe  
  19  1:20  Probe  
  19  1:25  Nexus  
  20  1:35  Cybernetics Core  
  20  1:38  Probe  
  21  1:44  Assimilator  
  21  1:50  Probe  
  21  1:53  Pylon  
  22  2:01  Probe  
  23  2:09  Probe, Adept (Chrono Boost)  
  23  2:12  Warp Gate  
  26  2:18  Probe  
  27  2:27  Stargate  
  27  2:30  Probe (Chrono Boost)  
  27  2:34  Adept  
  30  2:37  Probe (Chrono Boost)  
  32  2:46  Probe x2 (Chrono Boost)  
  33  2:51  Probe (Chrono Boost)  
  33  2:52  Probe  
  35  3:02  Void Ray (Chrono Boost)  
  35  3:03  Probe  
  35  3:04  Probe, Adept  
  43  3:14  Gateway  
  43  3:18  Probe x2  
  45  3:23  Pylon  
  45  3:30  Probe  
  46  3:38  Oracle (Chrono Boost)  
  46  3:41  Probe  
  46  3:42  Probe  
  46  3:45  Pylon  
  51  3:53  Probe  
  52  3:55  Probe  
  52  4:00  Nexus  
  53  4:03  Pylon  
  53  4:05  Probe  
  54  4:10  Assimilator  
  54  4:11  Probe, Assimilator  
  54  4:17  Probe, Stargate  
  56  4:30  Probe x2  
  58  4:40  Void Ray (Chrono Boost)  
  58  4:42  Probe x2  
  58  4:43  Shield Battery, Robotics Facility  
  60  4:47  Pylon  
  60  4:51  Pylon  
  64  4:54  Probe x2  
  64  4:56  Pylon  
  66  5:01  Adept x2  
  66  5:05  Void Ray (Chrono Boost)  
  66  5:06  Probe x2  
  72  5:08  Void Ray (Chrono Boost)  
  76  5:17  Pylon  
  76  5:19  Probe  
  76  5:21  Probe  
  82  5:23  Probe  
  83  5:31  Probe  
  83  5:33  Probe  
  83  5:35  Probe, Shield Battery  
  86  5:36  Shield Battery  
  86  5:38  Robotics Bay  
  86  5:46  Probe x2  
  86  5:47  Probe  
  89  5:53  Assimilator  
  89  5:54  Assimilator, Forge  
  89  5:55  Pylon  
  89  5:56  Twilight Council  
  89  5:57  Void Ray  
  89  6:01  Void Ray  
  93  6:10  Probe x3  
  100  6:21  Gateway  
  100  6:22  Gateway  
  100  6:23  Disruptor (Chrono Boost)  
  100  6:24  Gateway  
  100  6:26  Probe x3  
  100  6:30  Pylon  
  100  6:31  Protoss Ground Weapons Level 1  
  100  6:32  Charge  
  106  6:34  Pylon  
  103  6:49  Templar Archives  
  103  6:54  Disruptor (Chrono Boost)  
  103  6:58  Gateway x2  
  103  7:01  Gateway  
  106  7:04  Gateway  
  106  7:05  Gateway  
  106  7:07  Gateway  
  106  7:09  Pylon  
  106  7:19  Zealot x5  
  106  7:22  Warp Prism (Chrono Boost)  
  116  7:26  Pylon  
  118  7:30  Photon Cannon  
  118  7:32  Photon Cannon  
  118  7:34  Photon Cannon  
  114  7:45  High Templar x4, Zealot  
  114  7:50  Observer (Chrono Boost)  
  125  7:52  Archon x2  
  125  7:55  Zealot  
  127  7:58  Stargate  
  127  8:02  Pylon  
  127  8:04  Zealot  
  129  8:08  High Templar x2, Zealot x2  
  129  8:09  Zealot  
  129  8:12  Archon, Pylon  
  139  8:13  Disruptor (Chrono Boost)  
  139  8:14  Pylon  
  142  8:27  Zealot  
  142  8:28  Nexus, Zealot x4  
  133  8:48  Disruptor (Chrono Boost), Zealot x6, Protoss Air Weapons Level 1  
  133  8:49  Zealot  
  133  8:51  Protoss Ground Weapons Level 2 (Chrono Boost), Psionic Storm  
  144  9:04  Pylon  
  144  9:05  Probe x3  
  144  9:09  High Templar x2  
  151  9:15  Photon Cannon  
  151  9:16  Observer (Chrono Boost)  
  152  9:21  Probe x2  
  152  9:22  Probe  
  155  9:30  Immortal  
  153  9:33  Robotics Facility  
  157  9:46  High Templar x2  
  157  9:49  Shield Battery  
  157  9:51  Shield Battery  
  161  9:53  Probe x3  
  161  9:55  Photon Cannon, High Templar  
  166  10:01  Photon Cannon  
  166  10:02  Photon Cannon  
  166  10:05  Zealot  
  166  10:06  Assimilator  
  166  10:07  Photon Cannon, Pylon  
  168  10:09  Immortal (Chrono Boost)  
  170  10:16  Zealot x4  
  178  10:23  Shield Battery  
  178  10:26  Shield Battery  
  156  10:44  Disruptor x2 (Chrono Boost)  
  156  10:54  Zealot x6  
  156  10:55  Zealot x5  
  168  11:12  Disruptor (Chrono Boost)  
  168  11:13  Observer (Chrono Boost)  
  168  11:16  Zealot x7  
  168  11:17  Zealot x4  
  156  11:32  Observer (Chrono Boost)  
  143  11:35  Assimilator  
  139  11:40  Immortal (Chrono Boost)  
  141  11:52  High Templar x3  
  141  11:53  High Templar x3  
  153  11:55  Zealot x5, Fleet Beacon  
  161  12:06  Fleet Beacon  
  151  12:17  Zealot x5  
  151  12:21  Pylon  
  151  12:22  Nexus  
  161  12:25  Archon x2  
  161  12:31  Zealot x6  
  173  12:40  Carrier (Chrono Boost), Stargate, Mothership  
  173  12:43  Protoss Ground Weapons Level 3  
  173  12:44  Carrier (Chrono Boost)  
  185  13:00  Zealot x3  
  185  13:01  Zealot  
  181  13:14  Disruptor (Chrono Boost)  
  181  13:15  Disruptor (Chrono Boost)  
  167  13:27  Archon  
  167  13:31  Carrier (Chrono Boost)  
  173  13:35  Carrier (Chrono Boost)  
  173  13:40  Carrier (Chrono Boost)  
  171  14:00  Disruptor (Chrono Boost)  
  171  14:01  Immortal (Chrono Boost)  
  164  14:19  Carrier (Chrono Boost)  
  170  14:28  Carrier (Chrono Boost)  
  170  14:30  Nexus  
  182  14:34  Carrier (Chrono Boost)  
  182  14:36  Pylon  
  182  14:39  High Templar  
  184  14:53  Zealot x4  
  184  14:54  Zealot x2  
  184  14:55  High Templar  
  184  14:56  High Templar  
  200  15:04  Shield Battery  
  200  15:05  Shield Battery  
  170  15:31  Flux Vanes  
  169  15:39  High Templar  
  169  15:40  High Templar x4  
  169  15:41  High Templar, Zealot x5  
  191  15:45  Archon x2, Warp Prism (Chrono Boost)  
  191  15:46  Archon  
  191  15:48  Observer (Chrono Boost)  
  154  16:14  Zealot x6  
  154  16:15  Zealot x5  
  176  16:32  Archon  
Show
View Real Time Build Order
Export as new Build Order

Scarlett Zerg 

Build Orders: Hatch First, Lurkers 

Get SALT Encoding   

  12  0:00  Drone  
  13  0:12  Overlord  
  13  0:16  Drone  
  14  0:30  Drone x2  
  16  0:48  Hatchery  
  15  0:51  Drone  
  15  0:55  Drone  
  17  0:57  Drone  
  18  1:09  Extractor  
  17  1:13  Spawning Pool  
  17  1:16  Drone  
  17  1:19  Drone  
  18  1:27  Drone  
  19  1:39  Drone  
  20  1:50  Overlord  
  20  2:00  Queen  
  22  2:01  Queen, Zergling x2  
  22  2:02  Drone  
  26  2:12  Drone, Metabolic Boost  
  26  2:13  Drone  
  28  2:22  Drone  
  29  2:23  Drone  
  30  2:34  Hatchery  
  29  2:38  Zergling x2  
  29  2:40  Drone  
  31  2:44  Overlord  
  31  2:46  Drone  
  31  2:51  Queen  
  32  2:57  Drone x2  
  36  3:05  Drone x2  
  38  3:09  Drone  
  38  3:10  Drone x2  
  38  3:11  Overlord  
  42  3:12  Drone  
  41  3:20  Drone x2  
  41  3:24  Overlord  
  43  3:29  Queen, Spore Crawler  
  43  3:32  Zergling x2  
  45  3:34  Drone  
  45  3:39  Queen  
  45  3:40  Drone x2  
  50  3:44  Overlord  
  50  3:48  Zergling x4  
  52  4:00  Drone x6  
  58  4:05  Queen  
  60  4:10  Overlord  
  60  4:19  Overlord  
  60  4:20  Drone  
  60  4:21  Drone x5  
  65  4:31  Overlord  
  65  4:32  Overlord  
  61  4:41  Drone x5, Overlord  
  66  4:49  Overlord  
  66  4:51  Drone x6, Extractor  
  71  4:56  Roach Warren  
  71  4:58  Drone  
  70  5:03  Zergling x4  
  70  5:05  Lair  
  72  5:09  Evolution Chamber  
  72  5:10  Extractor  
  72  5:11  Extractor  
  69  5:15  Drone x8, Overlord  
  69  5:19  Drone x3  
  80  5:21  Queen  
  80  5:28  Overlord x2  
  82  5:33  Drone  
  83  5:40  Extractor, Overlord  
  82  5:43  Zergling x10  
  82  5:47  Zerg Missile Weapons Level 1  
  82  5:48  Roach x4  
  94  5:53  Roach x5  
  104  6:03  Drone x3  
  107  6:05  Extractor  
  107  6:06  Hatchery, Glial Reconstitution  
  107  6:09  Overseer  
  105  6:13  Drone x3  
  108  6:19  Infestation Pit  
  108  6:20  Drone x4  
  111  6:27  Queen x2  
  115  6:33  Spore Crawler  
  115  6:35  Drone x4  
  118  6:41  Overlord x2  
  118  6:42  Overlord x2  
  118  6:48  Overlord x3  
  117  6:58  Hydralisk Den  
  117  6:59  Overlord  
  117  7:00  Drone x7  
  123  7:04  Overseer  
  123  7:06  Drone x2  
  125  7:13  Roach x4  
  125  7:15  Hive  
  133  7:18  Drone  
  132  7:30  Drone x3  
  132  7:31  Overlord  
  132  7:32  Overlord  
  132  7:33  Spore Crawler  
  132  7:35  Drone  
  132  7:37  Lurker Den  
  134  7:42  Extractor x2  
  134  7:43  Drone x2  
  134  7:44  Drone  
  135  7:45  Drone x3  
  135  7:49  Hydralisk x7  
  151  8:00  Drone  
  152  8:06  Roach x8  
  152  8:08  Zerg Missile Weapons Level 2  
  152  8:10  Roach  
  152  8:11  Roach x3  
  176  8:13  Roach  
  176  8:16  Ravager x2, Roach x3  
  176  8:17  Ravager x6  
  176  8:19  Grooved Spines  
  191  8:23  Spine Crawler, Roach  
  191  8:24  Roach x2  
  191  8:26  Roach x2  
  195  8:41  Roach x10  
  192  8:53  Hatchery  
  192  8:55  Drone x2  
  193  8:57  Spine Crawler x2, Viper x2  
  193  9:01  Drone x2  
  199  9:03  Seismic Spines  
  199  9:20  Spine Crawler  
  199  9:21  Spine Crawler  
  199  9:23  Spine Crawler  
  199  9:24  Spine Crawler, Spore Crawler  
  190  9:26  Spine Crawler  
  190  9:28  Viper  
  192  9:33  Viper  
  196  9:38  Lurker x2  
  196  9:39  Lurker  
  196  9:45  Muscular Augments  
  198  9:51  Lurker  
  199  9:55  Spine Crawler  
  199  9:56  Spine Crawler  
  199  9:59  Pneumatized Carapace, Overseer  
  197  10:04  Adaptive Talons  
  197  10:05  Hydralisk  
  199  10:10  Extractor  
  199  10:11  Extractor  
  197  10:21  Hydralisk  
  188  10:28  Hydralisk x6  
  188  10:33  Hydralisk x2  
  190  10:46  Hydralisk x6  
  200  10:54  Zerg Missile Weapons Level 3  
  200  10:57  Evolution Chamber  
  160  11:22  Hydralisk x5  
  160  11:23  Hydralisk x8  
  176  11:31  Drone x3  
  176  11:32  Drone x4  
  169  11:33  Zerg Ground Armor Level 1  
  169  11:38  Hydralisk x3  
  166  11:43  Zergling x10  
  171  11:47  Drone x2  
  173  11:58  Hydralisk x6  
  173  12:01  Hatchery  
  182  12:10  Drone x2  
  182  12:11  Drone x2  
  182  12:13  Spore Crawler, Lurker x4  
  182  12:14  Zergling x8, Lurker  
  192  12:22  Lurker x2  
  194  12:33  Overseer  
  194  12:35  Lurker x3  
  197  12:37  Zergling x6  
  196  13:01  Hydralisk, Lurker x2  
  195  13:16  Hydralisk x6  
  195  13:17  Hydralisk x2  
  198  13:21  Lurker  
  199  13:28  Adrenal Glands  
  199  13:30  Zerg Melee Weapons Level 1  
  198  13:46  Hydralisk  
  198  13:47  Hydralisk x2  
  195  14:10  Hydralisk  
  191  14:20  Overlord x2  
  191  14:21  Zerg Ground Armor Level 2  
  191  14:24  Hydralisk x3  
  191  14:25  Overlord  
  191  14:31  Hatchery  
  181  14:33  Hydralisk  
  181  14:34  Hydralisk x2  
  181  14:35  Hydralisk  
  181  14:36  Hydralisk x6  
  193  14:59  Hydralisk x2  
  193  15:00  Hydralisk  
  199  15:12  Extractor  
  199  15:13  Extractor, Hydralisk x6  
  198  15:20  Hatchery  
  197  15:28  Hydralisk  
  197  15:40  Hydralisk x4  
  199  15:49  Overseer x3  
  173  15:58  Hydralisk x14  
  173  15:59  Hydralisk x4  
  193  16:07  Hydralisk x2  
  175  16:13  Hydralisk  
  175  16:14  Hydralisk x3  
Tags
 
Add a new tag
Caveats
  • Supply blocks, unpowered buildings, or Contaminate may cause inaccurate times.
  • Supply counts are checked every 10 seconds.